 Dungeon Crawl Stone Soup version 0.24.0-37-gcf1ca852f1 (webtiles) character file.

Game seed: 11083257653815014864, levelgen mode: deterministic

176 Delamore the Chopper (level 5, -3/45 HPs)
             Began as a Hill Orc Fighter on Dec 7, 2019.
             Was a Believer of Cheibriados.
             Slain by a hornet (11 damage)
             ... on level 4 of the Dungeon.
             The game lasted 00:05:02 (2316 turns).

Delamore the Chopper (Hill Orc Fighter)             Turns: 2316, Time: 00:05:02

Health: -3/45      AC:  8    Str: 26    XL:     5   Next: 56%
Magic:  14/14      EV:  7    Int: 14    God:    Cheibriados [**....]
Gold:   155        SH: 10    Dex: 16    Spells: 4/4 levels left

rFire    . . .     SeeInvis .   i - +0 hand axe (freeze)
rCold    . . .     Gourm    .   c - +0 shield
rNeg     . . .     Faith    .   b - +0 scale mail
rPois    .         Spirit   .   (no helmet)
rElec    .         Reflect  .   m - +0 cloak
rCorr    +         Harm     .   (no gloves)
MR       .....                  (no boots)
Stlth    ..........             (no amulet)
HPRegen  0.15/turn              e - ring of resist corrosion
MPRegen  0.14/turn              q - ring of magical power

@: lethally poisoned (-3 -> -22), slowed, very slow
A: no striking features
a: Bend Time, Renounce Religion


You were on level 4 of the Dungeon.
You worshipped Cheibriados.
Cheibriados was pleased with you.
You were not hungry.

You visited 1 branch of the dungeon, and saw 4 of its levels.

You collected 155 gold pieces.

Inventory:

Hand Weapons
 a - a +0 war axe
 i - a +0 hand axe of freezing (weapon)
Armour
 b - a +0 scale mail (worn)
 c - a +0 shield (worn)
 m - a +0 cloak (worn)
Jewellery
 e - a ring of resist corrosion (left hand)
 n - an uncursed amulet of regeneration {unknown}
 q - a ring of magical power (right hand)
Scrolls
 g - 7 scrolls of remove curse {unknown}
 h - 5 scrolls of identify {unknown}
 j - 2 scrolls of fear {unknown}
 l - a scroll of magic mapping {unknown}
 o - 2 scrolls of enchant armour {unknown}
 v - a scroll of fog {unknown}
 w - a scroll of enchant weapon {unknown}
Potions
 d - 2 potions of might
 k - 2 potions of curing
 p - a potion of flight {unknown}
 s - 2 potions of degeneration {unknown}
 t - 3 potions of ambrosia
 u - a potion of haste {unknown}
Comestibles
 f - 12 rations
 r - a chunk of flesh


   Skills:
 - Level 3.6 Fighting
 + Level 7.4 Axes
 - Level 3.2 Armour
 - Level 3.2 Shields


You had 4 spell levels left.
You didn't know any spells.
Your spell library was empty.

Dungeon Overview and Level Annotations

Branches:
Dungeon (4/15)
 Temple: D:4-7

Altars:
Cheibriados
Hepliaklqana


Message History

You are too injured to fight recklessly!
You are too injured to fight recklessly!
Unknown command.
You hit the hornet. You freeze the hornet.
The hornet is lightly wounded.
You feel sick. The hornet barely misses you. The hornet stings you!
* * * LOW HITPOINT WARNING * * *
You feel as though you will be slow longer.
You slash the hornet! You freeze the hornet.
The hornet is heavily wounded.
You feel sick. The hornet stings you.
* * * LOW HITPOINT WARNING * * *
You are more poisoned.
You feel as though you will be slow longer.
The hornet stings you but does no damage.
You slash the hornet! You freeze the hornet.
The hornet is almost dead.
* * * LOW HITPOINT WARNING * * *
You feel sick. The hornet stings you!
You die...

#.#≈ ##.#≈ # ..#≈
.. .#≈ ..# #≈ ..
...###≈###.#
#......y$.#
#.######@#
#.....w..#
########.##
#######.......#
#.......####..#
#.....<....#.....
#.......##.#..###..
#.......# #...
#.......# #.##.


You could see a hornet and a worm.

Vanquished Creatures
  Terence (D:2)
  4 adders (D:2)
  3 gnolls (D:2)
  3 worms
  3 dart slugs (D:1)
  2 leopard geckos
  2 giant cockroaches
  12 hobgoblins
  10 jackals
  4 kobolds
  A quokka (D:3)
  7 bats
  3 frilled lizards
  7 goblins
  4 rats
66 creatures vanquished.

Notes
Turn   | Place    | Note
-------+----------+-------------------------------------------
     0 | D:1      | Delamore the Hill Orc Fighter began the quest for the Orb.
     0 | D:1      | Reached XP level 1. HP: 19/19 MP: 1/1
    13 | D:1      | Reached skill level 3 in Axes
   106 | D:1      | Reached XP level 2. HP: 20/26 MP: 2/2
   298 | D:1      | Reached skill level 4 in Axes
   691 | D:1      | Reached XP level 3. HP: 25/31 MP: 3/3
   894 | D:2      | Noticed Terence
   910 | D:2      | Killed Terence
   910 | D:2      | Reached skill level 5 in Axes
   984 | D:2      | Found a faded altar of an unknown god.
   996 | D:2      | Became a worshipper of Cheibriados the Contemplative
   996 | D:2      | Reached * piety under Cheibriados
  1010 | D:2      | Reached XP level 4. HP: 34/39 MP: 4/4
  1017 | D:2      | Reached skill level 6 in Axes
  1297 | D:2      | Reached XP level 5. HP: 26/45 MP: 5/5
  1318 | D:2      | Reached ** piety under Cheibriados
  1452 | D:2      | Reached skill level 7 in Axes
  1788 | D:3      | Found a hazy altar of Hepliaklqana.
  2311 | D:4      | Noticed a hornet
  2316 | D:4      | Slain by a hornet

Levels and vault maps discovered:
D:1:      dpeg_arrival_short_road, layout_loops_ring, minmay_distorted
D:2:      layout_rooms, chequers_ecumenical_altar_twisty, serial_bayou_pond_c,
          kennysheep_generic_room_5, uniq_terence
D:3:      layout_basic, overflow_temple_1_default
D:4:      layout_loops_cross, kennysheep_ying_yang,
          lemuel_coloured_pillars_altar, minmay_temple_entry_mini_moons,
          first_ration, minmay_misc_feat_enclosed, kennysheep_small_spiral,
          grunt_decor_cap, minmay_fractal_squares_diagonal_5

Skill      XL: |  1  2  3  4  5 |
---------------+----------------+-----
Axes           | 3 4 5 6 7 |  7.4
Fighting       | |  3.6
Armour         | |  3.2
Shields        | |  3.2

Action                   |  1- 3 |  4- 6 || total
-------------------------+-------+-------++-------
Melee: War axe           |    96 |    26 ||   122
       Hand axe          |       |    95 ||    95
  Use: Potion            |       |     3 ||     3
 Stab: Invisible         |       |     3 ||     3
  Eat: Chunk             |       |     3 ||     3
Armor: Scale mail        |    40 |    79 ||   119
Dodge: Dodged            |    25 |    46 ||    71
Block: Shield            |    49 |    71 ||   120
